[Event "Titled Tuesday Blitz April 05 Late 2022"]
[White "Holt, Conrad"]
[Black "Javakhadze, Zurab"]
[WhiteFideId "2034387"]
[BlackFideId "13603647"]
[WhiteElo "2586"]
[BlackElo "2381"]
[Result "0-1"]
[Round "09"]
[TimeControl "180+1"]
[Date "2022.04.05"]
[WhiteClock "0:00:01"]
[BlackClock "0:00:02"]

1. d4 d5 2. c4 e6 3. Nc3 Be7 4. cxd5 exd5 5. Bf4 c6 6. e3 Bf5 7. Bd3 Bxd3 8. Qxd3 Nf6 9. Nf3 Nbd7 10. O-O O-O 11. h3 Re8 12. Nd2 Nf8 13. Rad1 Ne6 14. Be5 Bd6 15. f4 Bc7 16. f5 Nf8 17. Bxf6 Qxf6 18. e4 dxe4 19. Ndxe4 Qh4 20. d5 Rad8 21. d6 Bb6+ 22. Kh2 Nd7 23. f6 g6 24. g4 Re6 25. b4 Rde8 26. Qf3 a5 27. a3 axb4 28. axb4 Re5 29. Qf4 R5e6 30. g5 Qxf4+ 31. Rxf4 Ra8 32. h4 Ra3 33. Rb1 Bd4 34. Rc1 Be5 35. Kg3 Bxf4+ 36. Kxf4 Kf8 37. Nc5 Nxc5 38. bxc5 Ke8 39. Ne4 Ra4 40. Re1 Kd7 41. Kf3 Ra3+ 42. Kf4 Ra4 43. Kf3 Re5 44. Re2 Rc4 45. Kf4 Rf5+ 46. Ke3 Re5 47. Kd3 Ra4 48. Re1 Ra3+ 49. Kd4 Rd5+ 50. Kc4 Ra4+ 51. Kb3 Rad4 52. Nc3 Rxc5 53. Re7+ Kxd6 54. Rxf7 Rd3 55. Rxh7 Rdxc3+ 56. Kb2 Rc2+ 57. Kb3 R5c3+ 58. Kb4 b6 59. Rh8 Rc4+ 60. Kb3 R4c3+ 61. Kb4 Rf3 62. Re8 Rb2+ 63. Kc4 Rh2 64. Rd8+ Kc7 65. Re8 Rxh4+ 0-1


[Site "https://www.chess.com"]

[Event "Titled Tuesday Blitz April 05 Late 2022"]
[White "Ibarra Jerez, Jose Carlos"]
[Black "Melkumyan, Hrant"]
[WhiteFideId "2226332"]
[BlackFideId "13302485"]
[WhiteElo "2626"]
[BlackElo "2604"]
[Result "0-1"]
[Round "09"]
[TimeControl "180+1"]
[Date "2022.04.05"]
[WhiteClock "0:00:03"]
[BlackClock "0:00:08"]

1. e4 e6 2. d4 d5 3. Nc3 Bb4 4. Ne2 dxe4 5. a3 Be7 6. Nxe4 Nd7 7. g3 Ngf6 8. Nxf6+ Bxf6 9. Bg2 O-O 10. O-O e5 11. Be3 exd4 12. Bxd4 Ne5 13. h3 c6 14. c3 Re8 15. Nf4 g6 16. Re1 h5 17. Qb3 Kg7 18. Rad1 Qc7 19. Nd3 Be6 20. Qb4 Nxd3 21. Bxf6+ Kxf6 22. Rxd3 Kg7 23. Qd4+ Kh7 24. Rde3 Rad8 25. Qxa7 Rd2 26. b4 h4 27. Qc5 hxg3 28. Rxg3 Qf4 29. Qe3 Qxe3 30. Rgxe3 Red8 31. a4 Ra2 32. a5 Rdd2 33. Rf3 Kg7 34. h4 Bg4 35. Rf4 f5 36. Re7+ Kf6 37. Rxb7 Ke5 38. Rd4 Rxf2 39. Bf1 Rf3 40. Re7+ Kf6 41. Re2 Rg3+ 42. Rg2 Raxg2+ 43. Bxg2 Rxc3 44. Rd6+ Ke5 45. Rxc6 Ra3 46. Bf1 Kf4 47. Rc2 Bf3 48. Rb2 Kg3 49. a6 f4 50. b5 Be4 51. b6 f3 52. b7 Rb3 53. Ra2 Kf4 54. a7 Bxb7 55. a8=Q Bxa8 56. Rxa8 Kg3 57. Ra2 Kxh4 58. Kf2 g5 59. Rd2 g4 60. Rd4 Rb2+ 61. Ke3 Rb3+ 62. Bd3 Kg3 63. Rd8 f2 64. Rf8 Rb7 65. Be4 Re7 66. Kd4 Ra7 67. Ke3 Ra4 68. Bd3 Ra3 69. Ke2 Ra2+ 70. Ke3 Ra1 71. Be2 Ra3+ 72. Bd3 Rb3 73. Ke2 Rb2+ 74. Ke3 Kg2 75. Be4+ Kg1 76. Bd3 g3 77. Rf3 g2 78. Rg3 f1=Q 79. Bxf1 Kxf1 80. Rf3+ Ke1 81. Rg3 Rb3+ 82. Kf4 Rxg3 83. Kxg3 g1=Q+ 0-1


[Site "https://www.chess.com"]

[Event "Titled Tuesday Blitz April 05 Late 2022"]
[White "Ilyasli, Ughur"]
[Black "Adewumi, Tanitoluwa"]
[WhiteFideId "13416197"]
[BlackFideId "30966396"]
[WhiteElo "2415"]
[BlackElo "2545"]
[Result "1-0"]
[Round "09"]
[TimeControl "180+1"]
[Date "2022.04.06"]
[WhiteClock "0:00:10"]
[BlackClock "0:00:04"]

1. d4 Nf6 2. c4 c5 3. d5 g6 4. Nc3 Bg7 5. e4 d6 6. Nge2 O-O 7. Ng3 e6 8. Be2 exd5 9. exd5 a6 10. O-O h5 11. Bg5 Qb6 12. Qd2 Ng4 13. h3 Ne5 14. f4 Ned7 15. f5 Ne5 16. f6 Bh8 17. Rae1 Qa5 18. Bxh5 gxh5 19. Bh6 Nbd7 20. Bxf8 Nxf8 21. Nxh5 Bd7 22. Qh6 Nfg6 23. Re4 Qd8 24. Ne2 Qf8 25. Qg5 Kh7 26. Nef4 Qh6 27. Qxh6+ Kxh6 28. g4 Rg8 29. Kf2 Nxf4 30. Rxf4 Nd3+ 31. Ke3 Nxf4 32. Kxf4 Re8 33. h4 b5 34. cxb5 axb5 35. Rf2 b4 36. a3 bxa3 37. bxa3 c4 38. Rc2 Bb5 39. Ng3 Bxf6 40. g5+ Bxg5+ 41. hxg5+ Kg6 42. Ne4 Re5 43. Nxd6 Rxd5 44. Nxb5 Rxb5 45. Rxc4 Rf5+ 46. Ke4 Rxg5 47. Rc6+ f6 48. Ra6 Rg4+ 49. Kd5 Rg1 50. a4 Ra1 51. a5 Kg5 52. Ra8 f5 53. a6 Rd1+ 54. Ke6 Re1+ 55. Kd5 Rd1+ 56. Kc5 Rc1+ 57. Kd4 Rd1+ 58. Ke3 f4+ 59. Kf3 Rd3+ 60. Kf2 Kg4 61. a7 Rd2+ 62. Ke1 Ra2 63. Rg8+ Kf3 64. a8=Q+ Rxa8 65. Rxa8 Kg2 66. Rf8 f3 67. Rg8+ Kh3 68. Kf2 1-0


[Site "https://www.chess.com"]

[Event "Titled Tuesday Blitz April 05 Late 2022"]
[White "Iskusnyh, Sergei"]
[Black "Papasimakopoulos, Alexandros"]
[WhiteFideId "4120027"]
[BlackFideId "4244125"]
[WhiteElo "2492"]
[BlackElo "2340"]
[Result "0-1"]
[Round "09"]
[TimeControl "180+1"]
[Date "2022.04.05"]
[WhiteClock "0:00:07"]
[BlackClock "0:00:45"]

1. d4 e6 2. c4 Nf6 3. g3 Bb4+ 4. Bd2 Be7 5. Bg2 d5 6. Nf3 O-O 7. O-O c6 8. Qc2 Ne4 9. Bf4 Nd7 10. Nc3 f5 11. Rab1 g5 12. Bc1 g4 13. Ne1 Bf6 14. e3 h5 15. Nd3 h4 16. Nf4 Qe8 17. b4 a6 18. a4 Nb6 19. cxd5 exd5 20. b5 axb5 21. axb5 Nc4 22. bxc6 bxc6 23. Ncxd5 cxd5 24. Nxd5 Ncd6 25. Nc7 Qa4 26. Qb2 Ra7 27. Nd5 Bg7 28. Nb6 Qa5 29. Qc2 Be6 30. Qc6 Bf7 31. Bb2 h3 32. Bxe4 Nxe4 33. Ra1 Qb4 34. Rxa7 Qxb2 35. Nd7 Qe2 36. Ne5 Bxe5 37. Rxf7 Kxf7 38. dxe5 Qf3 39. Qd7+ Kg6 40. Qe6+ Kg7 41. Qe7+ Rf7 0-1


[Site "https://www.chess.com"]

[Event "Titled Tuesday Blitz April 05 Late 2022"]
[White "Jaferian, Koosha"]
[Black "Estrada Nieto, Julian"]
[WhiteFideId "12507440"]
[BlackFideId "5101018"]
[WhiteElo "2553"]
[BlackElo "2375"]
[Result "0-1"]
[Round "09"]
[TimeControl "180+1"]
[Date "2022.04.06"]
[WhiteClock "0:00:59"]
[BlackClock "0:00:06"]

1. Nf3 d5 2. b3 Nf6 3. Bb2 Bg4 4. e3 Nbd7 5. Be2 e6 6. d4 Bd6 7. O-O O-O 8. c4 c6 9. Nbd2 a5 10. Ne5 Bf5 11. f4 Bb4 12. a3 Bxd2 13. Qxd2 Ne4 14. Qe1 Nxe5 15. fxe5 f6 16. exf6 Qxf6 17. Bf3 Qg6 18. Qe2 a4 19. Kh1 axb3 20. g4 Qh6 21. Kg2 Bg6 22. Rae1 Ng5 23. Kg1 Bd3 24. Qxd3 Nxf3+ 25. Rxf3 Rxf3 26. Qxb3 Qg5 27. Re2 Raf8 28. Qd1 Qxg4+ 29. Rg2 Rf1+ 30. Qxf1 Rxf1+ 31. Kxf1 Qd1+ 32. Kf2 Qc2+ 33. Kf3 Qe4+ 34. Kf2 dxc4 35. Kf1 c3 36. Bxc3 Qd3+ 37. Re2 Qxc3 38. Kf2 Qxa3 39. Rd2 Qc3 40. Ke2 b5 41. Rd3 Qc4 42. Kd2 b4 43. h4 b3 44. Rc3 Qb4 45. Kd3 b2 46. Rxc6 b1=Q+ 47. Ke2 h6 48. Rxe6 Q4b2+ 49. Kf3 Qf5+ 50. Kg3 Qxe6 51. h5 Qe4 0-1


[Site "https://www.chess.com"]

[Event "Titled Tuesday Blitz April 05 Late 2022"]
[White "Jumabayev, Rinat"]
[Black "Sarana, Alexey"]
[WhiteFideId "13702661"]
[BlackFideId "24133795"]
[WhiteElo "2561"]
[BlackElo "2666"]
[Result "0-1"]
[Round "09"]
[TimeControl "180+1"]
[Date "2022.04.05"]
[WhiteClock "0:00:02"]
[BlackClock "0:00:06"]

1. d4 Nf6 2. c4 e6 3. Nf3 Bb4+ 4. Bd2 Qe7 5. g3 Nc6 6. Nc3 d5 7. a3 Bxc3 8. Bxc3 dxc4 9. Qa4 O-O 10. Qxc4 Ne4 11. Bg2 Nxc3 12. Qxc3 Bd7 13. O-O Rfc8 14. Rac1 Rab8 15. b4 a6 16. Rfd1 Na7 17. Ne5 Ba4 18. Rd2 Nb5 19. Qb2 Nd6 20. e3 Qe8 21. Qa2 Bb5 22. Rdc2 Qe7 23. Rc5 Ba4 24. Qb2 Be8 25. Qb3 f6 26. Nd3 Bf7 27. Qb2 c6 28. h4 Re8 29. a4 Rbd8 30. R5c3 e5 31. dxe5 fxe5 32. Rc5 Nc4 33. Qc3 Qd6 34. Be4 Nb6 35. Nxe5 Nxa4 36. Nxf7 Qd1+ 37. Qe1 Qxe1+ 38. Rxe1 Kxf7 39. Rf5+ Kg8 40. Bc2 Nc3 41. Bb3+ Kh8 42. Rf7 Rb8 43. Kg2 Rf8 44. Re7 Rbd8 45. Rc1 Rd2 46. Rxc3 Rfxf2+ 47. Kh3 h5 48. g4 Rf3# 0-1


[Site "https://www.chess.com"]

[Event "Titled Tuesday Blitz April 05 Late 2022"]
[White "Kamsky, Gata"]
[Black "Hakobyan, Aram"]
[WhiteFideId "2000024"]
[BlackFideId "13306677"]
[WhiteElo "2645"]
[BlackElo "2557"]
[Result "0-1"]
[Round "09"]
[TimeControl "180+1"]
[Date "2022.04.05"]
[WhiteClock "0:00:02"]
[BlackClock "0:00:04"]

1. e4 Nc6 2. Nf3 g6 3. d4 Bg7 4. Bc4 d6 5. h3 Nf6 6. Qe2 O-O 7. O-O d5 8. exd5 Nxd5 9. c3 Re8 10. Rd1 h6 11. a4 a6 12. Na3 b6 13. Qe4 e6 14. Bf1 Bb7 15. Nc4 Nce7 16. Qc2 c5 17. dxc5 bxc5 18. Bf4 Nf5 19. Bh2 a5 20. Nce5 Qe7 21. Bb5 Rec8 22. Nc4 Rd8 23. Qe2 Nh4 24. Nxh4 Qxh4 25. Qg4 Qe7 26. Re1 Ba6 27. Bxa6 Rxa6 28. Qe4 Qb7 29. Bg3 Raa8 30. Bh4 Rd7 31. Bg3 Ne7 32. Qxb7 Rxb7 33. Bd6 Nf5 34. Rad1 Nxd6 35. Rxd6 Bf8 36. Rd3 Kg7 37. Red1 Raa7 38. g4 Be7 39. Kg2 Ra8 40. f4 Raa7 41. Kf3 g5 42. f5 exf5 43. gxf5 h5 44. Rd5 Bf6 45. R1d2 Re7 46. Rxc5 Re1 47. Nd6 Rae7 48. Rc4 R7e3+ 49. Kg2 Be5 50. f6+ Kg6 51. Rc8 R3e2+ 52. Rxe2 Rxe2+ 53. Kf3 Rh2 54. Rg8+ Kxf6 55. Ne4+ Ke7 56. Nxg5 f6 57. Ne4 Rxh3+ 58. Ke2 Rh2+ 59. Nf2 h4 60. Kf3 Bg3 61. Ne4 Rxb2 62. Nxg3 hxg3 63. Rxg3 Rb3 64. Ke4 Ra3 65. Kf5 Rxa4 66. Rg7+ Kd6 67. Ra7 Kc5 68. Kxf6 Kb6 69. Ra8 Kb7 70. Rd8 Re4 71. Kf5 Re3 72. c4 a4 73. Rd5 Ka6 74. Rd8 Ka5 75. Ra8+ Kb4 76. c5 Rc3 77. Ke4 Rxc5 78. Kd3 Kb3 79. Rb8+ Ka2 80. Kd2 a3 81. Rb4 Rc8 82. Kd1 Rc3 83. Kd2 Rb3 84. Rc4 Rb2+ 85. Kc1 Kb3 86. Rc8 Rg2 87. Rb8+ Ka2 88. Rb7 Rg1+ 89. Kc2 Rg2+ 90. Kc1 Rb2 91. Rc7 Rb8 92. Ra7 Rc8+ 93. Kd2 Rc4 94. Kd3 Rb4 95. Kc3 Rb2 96. Ra8 Rg2 97. Ra7 Rg6 98. Kc2 Rc6+ 99. Kd1 Rc4 100. Kd2 Kb3 101. Rb7+ Ka2 102. Ra7 Rc6 103. Kd1 Rc3 104. Kd2 Rh3 105. Kc2 Rg3 106. Kc1 Rc3+ 107. Kd2 Kb2 108. Ra6 Rb3 0-1


[Site "https://www.chess.com"]

[Event "Titled Tuesday Blitz April 05 Late 2022"]
[White "Karttunen, Mika"]
[Black "Moral Garcia, Serafin"]
[WhiteFideId "502081"]
[BlackFideId "2201925"]
[WhiteElo "2661"]
[BlackElo "2513"]
[Result "1-0"]
[Round "09"]
[TimeControl "180+1"]
[Date "2022.04.06"]
[WhiteClock "0:00:24"]
[BlackClock "0:01:07"]

1. c4 e5 2. Nc3 Nf6 3. Nf3 Nc6 4. e3 Bb4 5. Nd5 e4 6. Nxb4 Nxb4 7. Nd4 O-O 8. a3 Nc6 9. Nxc6 dxc6 10. b3 Bf5 11. Bb2 Qe7 12. Qc2 Rad8 13. Qc3 Ne8 14. g4 Bg6 15. h4 f6 16. h5 Bf7 17. h6 g6 18. g5 Be6 19. Rh4 Bf5 20. O-O-O Kf7 21. f4 c5 22. Be2 fxg5 23. fxg5 Qxg5 24. Rf4 Qxh6 25. Qe5 Nd6 26. Qxc5 Rd7 27. Qd5+ Ke8 28. c5 Nf7 29. Qxb7 Qh2 30. Bb5 h5 31. Rxe4+ Bxe4 32. Qxe4+ Kd8 33. Bf6+ 1-0


[Site "https://www.chess.com"]

[Event "Titled Tuesday Blitz April 05 Late 2022"]
[White "Keymer, Vincent"]
[Black "Sadhwani, Raunak"]
[WhiteFideId "12940690"]
[BlackFideId "35093487"]
[WhiteElo "2557"]
[BlackElo "2616"]
[Result "0-1"]
[Round "09"]
[TimeControl "180+1"]
[Date "2022.04.05"]
[WhiteClock "0:00:01"]
[BlackClock "0:00:23"]

1. Nf3 g6 2. c4 Bg7 3. Nc3 d6 4. d4 Nf6 5. g3 O-O 6. Bg2 Nbd7 7. O-O e5 8. e4 Re8 9. h3 exd4 10. Nxd4 Nc5 11. Re1 a5 12. b3 Bd7 13. f3 h5 14. Be3 Ne6 15. Qd2 Nxd4 16. Bxd4 Bc6 17. Rad1 Nd7 18. Bxg7 Kxg7 19. Qd4+ Qf6 20. Qxf6+ Kxf6 21. Kf2 Nc5 22. h4 Re7 23. Re2 Rae8 24. Rb2 Kg7 25. a3 f5 26. b4 Na4 27. Nxa4 Bxa4 28. Rd4 axb4 29. axb4 fxe4 30. Rxe4 Rxe4 31. fxe4 b5 32. cxb5 Bxb5 33. Rc2 c6 34. Ke3 Kf6 35. Bf3 Ke5 36. Ra2 d5 37. exd5 cxd5 38. Ra5 Bc4 39. Rc5 Rb8 40. Rc6 Rxb4 41. Rxg6 d4+ 42. Kf2 Rb2+ 43. Kg1 d3 44. Bxh5 Bd5 45. Rg5+ Kd4 46. Kf1 Be4 47. Bg4 Ke3 48. Bd1 Rb1 0-1


[Site "https://www.chess.com"]

[Event "Titled Tuesday Blitz April 05 Late 2022"]
[White "Khripachenko, Alexander"]
[Black "Novikova, Galina"]
[WhiteFideId "54184975"]
[BlackFideId "4157095"]
[WhiteElo "2583"]
[BlackElo "2390"]
[Result "1-0"]
[Round "09"]
[TimeControl "180+1"]
[Date "2022.04.06"]
[WhiteClock "0:00:44"]
[BlackClock "0:00:07"]

1. e4 e6 2. d4 d5 3. Nd2 Nc6 4. Ngf3 g5 5. Bb5 Bd7 6. exd5 exd5 7. O-O Qf6 8. Re1+ Nge7 9. Ne5 O-O-O 10. Nxd7 Rxd7 11. Nf3 h6 12. Ne5 Rd6 13. b3 Re6 14. Bb2 Bg7 15. Bd3 h5 16. Qf3 Qxf3 17. Nxf3 g4 18. Ng5 Rf6 19. Re2 Bh6 20. Nh7 Re6 21. Rxe6 fxe6 22. Re1 Nf5 23. Rxe6 Nfxd4 24. Rxh6 Re8 25. Kf1 Ne6 26. Bf5 Nd8 27. Ng5 Kd7 28. Bf6 Rf8 29. Nxe6 Nxe6 30. Bxe6+ Kxe6 31. Bg7+ 1-0


[Site "https://www.chess.com"]

[Event "Titled Tuesday Blitz April 05 Late 2022"]
[White "Kobalia, Mikhail"]
[Black "Constantinou, Peter"]
[WhiteFideId "4119150"]
[BlackFideId "413038"]
[WhiteElo "2667"]
[BlackElo "2230"]
[Result "1-0"]
[Round "09"]
[TimeControl "180+1"]
[Date "2022.04.05"]
[WhiteClock "0:01:59"]
[BlackClock "0:01:17"]

1. e4 c5 2. Nf3 e6 3. g3 Nc6 4. Bg2 Nf6 5. Qe2 e5 6. O-O Be7 7. Nc3 d6 8. Nd5 Nd4 9. Nxd4 cxd4 10. Nxe7 Qxe7 11. c3 dxc3 12. dxc3 O-O 13. c4 Be6 14. b3 a6 15. Ba3 Rfd8 16. Rad1 b5 17. f4 Bg4 18. Bf3 Bxf3 19. Rxf3 exf4 20. Rxf4 Qe6 21. Rd4 d5 22. cxd5 Rxd5 23. Rxf6 Rxd4 24. Rxe6 fxe6 25. Bb2 Rd6 26. Qg4 g6 27. Be5 Rc6 28. Qg5 Rf8 29. Qe7 1-0


[Site "https://www.chess.com"]

[Event "Titled Tuesday Blitz April 05 Late 2022"]
[White "Kollars, Dmitrij"]
[Black "Mikhailov, Viacheslav"]
[WhiteFideId "12909572"]
[BlackFideId "4187369"]
[WhiteElo "2584"]
[BlackElo "2381"]
[Result "1-0"]
[Round "09"]
[TimeControl "180+1"]
[Date "2022.04.05"]
[WhiteClock "0:01:09"]
[BlackClock "0:00:04"]

1. Nf3 Nf6 2. c4 g6 3. b3 Bg7 4. Bb2 O-O 5. g3 d6 6. Bg2 c5 7. O-O Nc6 8. Nc3 Bf5 9. d4 cxd4 10. Nxd4 Bd7 11. Rc1 Qa5 12. h3 Rfd8 13. e3 Rac8 14. Qd2 a6 15. Rfd1 Nxd4 16. Qxd4 Bc6 17. Bxc6 bxc6 18. Na4 Qf5 19. g4 Qf3 20. g5 e5 21. Qh4 Ne4 22. Nc3 f5 23. Nxe4 fxe4 24. Qg4 Qxg4+ 25. hxg4 Bf8 26. c5 dxc5 27. Bxe5 Rd5 28. Bf6 Kf7 29. Re1 h6 30. Rc4 hxg5 31. Bc3 Re8 32. Ra4 Rd3 33. Rc1 c4 34. Rxc4 c5 35. Kf1 Re6 36. Ke2 Rd8 37. Bb2 Be7 38. Ba3 1-0


[Site "https://www.chess.com"]

[Event "Titled Tuesday Blitz April 05 Late 2022"]
[White "Korchmar, Vasiliy"]
[Black "Gogolev, Artem"]
[WhiteFideId "24131750"]
[BlackFideId "4116615"]
[WhiteElo "2370"]
[BlackElo "2126"]
[Result "0-1"]
[Round "09"]
[TimeControl "180+1"]
[Date "2022.04.05"]
[WhiteClock "0:00:01"]
[BlackClock "0:00:40"]

1. d4 Nf6 2. Bf4 g6 3. Nc3 d5 4. e3 Bg7 5. h4 a6 6. h5 Nxh5 7. Rxh5 gxh5 8. Qxh5 c6 9. Nf3 Qd7 10. Ng5 Rf8 11. Qxh7 Bf6 12. O-O-O Qf5 13. Bd3 Qxh7 14. Nxh7 Rg8 15. Nxf6+ exf6 16. e4 Be6 17. exd5 cxd5 18. Re1 Kd7 19. Na4 Kc6 20. Nc5 Re8 21. Rh1 Nd7 22. Nxd7 Kxd7 23. Rh6 Ke7 24. f3 Rh8 25. Bh7 Kf8 26. Rh4 Kg7 0-1


[Site "https://www.chess.com"]

[Event "Titled Tuesday Blitz April 05 Late 2022"]
[White "Kosteniuk, Alexandra"]
[Black "Djordjevic, Dejan N"]
[WhiteFideId "4128125"]
[BlackFideId "913316"]
[WhiteElo "2469"]
[BlackElo "2262"]
[Result "1-0"]
[Round "09"]
[TimeControl "180+1"]
[Date "2022.04.05"]
[WhiteClock "0:00:40"]
[BlackClock "0:00:01"]

1. e4 c5 2. c3 d5 3. exd5 Qxd5 4. d4 Nc6 5. Nf3 Nf6 6. Be2 cxd4 7. cxd4 e6 8. Nc3 Qd8 9. O-O Be7 10. Bg5 O-O 11. Bd3 b6 12. Rc1 Bb7 13. Bb1 Rc8 14. Re1 Nb4 15. Ne5 Nbd5 16. Qd3 g6 17. Bh6 Re8 18. Qh3 a6 19. Nxf7 Qd7 20. Ne5 Qd6 21. Bg5 Bf8 22. Nxd5 Nxd5 23. Nxg6 hxg6 24. Bxg6 Re7 25. Bxe7 Qxe7 26. Rxc8 Bxc8 27. Bf5 Nc7 28. d5 Nxd5 29. Bxe6+ Bxe6 30. Qxe6+ Qxe6 31. Rxe6 a5 32. g3 Bc5 33. Kg2 Kf7 34. Re4 Nb4 35. a4 Nd3 36. Re2 Kf6 37. h4 Kf5 38. f3 Ne5 39. g4+ Kf6 40. Kg3 Nc4 41. f4 Ne3 42. Kf3 Nc4 43. h5 Nd6 44. g5+ Kf7 45. Kg4 1-0


[Site "https://www.chess.com"]

[Event "Titled Tuesday Blitz April 05 Late 2022"]
[White "Kostiukov, Alexandr"]
[Black "Ardila, Oscar Humberto"]
[WhiteFideId "14108100"]
[BlackFideId "4404742"]
[WhiteElo "2202"]
[BlackElo "1983"]
[Result "1-0"]
[Round "09"]
[TimeControl "180+1"]
[Date "2022.04.06"]
[WhiteClock "0:01:20"]
[BlackClock "0:00:12"]

1. g3 Nf6 2. Bg2 g6 3. c4 Bg7 4. Nf3 O-O 5. O-O d6 6. d4 Nbd7 7. Nc3 Re8 8. e4 e5 9. h3 exd4 10. Nxd4 Nc5 11. Re1 a5 12. Nb3 Nxb3 13. axb3 Bd7 14. Be3 Bc6 15. Qc2 b6 16. e5 Bxg2 17. exf6 Bxh3 18. fxg7 Bf5 19. Qd2 Qd7 20. Nd5 Re6 21. Bd4 Qd8 22. Qh6 f6 23. Rxe6 Bxe6 24. Nxf6+ Kf7 25. Qxh7 Qg8 26. Nxg8 Rxg8 27. Re1 Bf5 28. Re7+ 1-0


[Site "https://www.chess.com"]

[Event "Titled Tuesday Blitz April 05 Late 2022"]
[White "Kozak, Antoni"]
[Black "Kazakouski, Valery"]
[WhiteFideId "21832030"]
[BlackFideId "13507443"]
[WhiteElo "2236"]
[BlackElo "2524"]
[Result "0-1"]
[Round "09"]
[TimeControl "180+1"]
[Date "2022.04.05"]
[WhiteClock "0:00:03"]
[BlackClock "0:00:52"]

1. d4 Nf6 2. Nf3 e6 3. e3 c5 4. Bd3 cxd4 5. exd4 b6 6. O-O Ba6 7. Bg5 Bxd3 8. Qxd3 Be7 9. Nbd2 O-O 10. Rfe1 d6 11. a4 a6 12. c3 Nbd7 13. h3 h6 14. Bh4 Qc7 15. Bg3 Qc6 16. Nf1 b5 17. axb5 axb5 18. Ne3 Nd5 19. Nd2 N7b6 20. Qe4 Rfc8 21. Qf3 Bf8 22. h4 Nxe3 23. Qxc6 Rxc6 24. fxe3 Rcc8 25. Ne4 d5 26. Nf2 Rxa1 27. Rxa1 Nc4 28. Nd3 Nxe3 29. Ra5 b4 30. cxb4 Rc2 31. Bf4 Nxg2 32. Be5 f6 33. Bg3 Ne3 34. Bf4 Nf5 35. b5 Nxd4 36. b6 Ne2+ 37. Kf1 Nxf4 38. Nxf4 Rxb2 0-1


[Site "https://www.chess.com"]

[Event "Titled Tuesday Blitz April 05 Late 2022"]
[White "Lashkin, Jegor"]
[Black "Demchenko, Anton"]
[WhiteFideId "13907808"]
[BlackFideId "4160258"]
[WhiteElo "2368"]
[BlackElo "2539"]
[Result "0-1"]
[Round "09"]
[TimeControl "180+1"]
[Date "2022.04.05"]
[WhiteClock "0:00:02"]
[BlackClock "0:01:20"]

1. d4 Nf6 2. c4 d6 3. Nf3 Nbd7 4. Nc3 e5 5. e4 c6 6. Be2 Be7 7. O-O Qc7 8. Be3 Nf8 9. b4 Ng6 10. Re1 O-O 11. Bf1 Ng4 12. Bc1 exd4 13. Nxd4 d5 14. g3 Bxb4 15. Bb2 dxc4 16. Bxc4 Rd8 17. Bf1 N4e5 18. Be2 Bh3 19. Rc1 Qb6 20. Na4 Qa5 21. Bc3 c5 22. Bxb4 Qxb4 23. Nxc5 Qxd4 24. Qb3 Ng4 25. Qf3 N6e5 26. Qf4 Qd2 27. Qf5 g6 28. Qf4 b6 29. Nb7 Rd7 0-1


[Site "https://www.chess.com"]

[Event "Titled Tuesday Blitz April 05 Late 2022"]
[White "Levin, Anthony"]
[Black "Romero Ruscalleda, Josep"]
[WhiteFideId "30940680"]
[BlackFideId "2231859"]
[WhiteElo "2054"]
[BlackElo "2291"]
[Result "0-1"]
[Round "09"]
[TimeControl "180+1"]
[Date "2022.04.06"]
[WhiteClock "0:02:18"]
[BlackClock "0:02:40"]

1. d4 g6 2. e4 Bg7 3. Nc3 d6 4. Be3 a6 5. Qd2 b5 6. h4 h5 7. Nf3 Nd7 8. Ng5 Bb7 9. Bd3 Rc8 10. O-O-O c5 11. dxc5 Nxc5 12. f4 b4 13. Nd5 b3 14. axb3 Nxb3+ 0-1


[Site "https://www.chess.com"]

[Event "Titled Tuesday Blitz April 05 Late 2022"]
[White "Mangialardo, Tiago Carvalho"]
[Black "Chiku-Ratte, Olivier-Kenta"]
[WhiteFideId "2130718"]
[BlackFideId "2614782"]
[WhiteElo "2037"]
[BlackElo "2324"]
[Result "0-1"]
[Round "09"]
[TimeControl "180+1"]
[Date "2022.04.06"]
[WhiteClock "0:00:43"]
[BlackClock "0:01:47"]

1. e4 c5 2. Nf3 Nc6 3. d4 cxd4 4. Nxd4 e5 5. Nf3 Nf6 6. Nc3 d6 7. Bd3 Be7 8. O-O O-O 9. Re1 a6 10. Bg5 b5 11. a3 Bg4 12. Bxf6 Bxf6 13. Nd5 Nd4 14. Be2 Be6 15. Nxf6+ Qxf6 16. Nxd4 exd4 17. Qd2 Qe5 18. Bf3 Rac8 19. Rad1 Rc4 20. Re2 Rfc8 21. Qd3 Qc5 22. Rdd2 Ra4 23. b3 Rxa3 24. Qxd4 Qxd4 25. Rxd4 Ra1+ 0-1


[Site "https://www.chess.com"]

[Event "Titled Tuesday Blitz April 05 Late 2022"]
[White "Mekhitarian, Krikor Sevag"]
[Black "Villegas, Pierre"]
[WhiteFideId "2107660"]
[BlackFideId "654183"]
[WhiteElo "2598"]
[BlackElo "2386"]
[Result "1-0"]
[Round "09"]
[TimeControl "180+1"]
[Date "2022.04.05"]
[WhiteClock "0:00:14"]
[BlackClock "0:00:01"]

1. Nf3 d5 2. c4 e6 3. e3 Nf6 4. Nc3 a6 5. b3 Be7 6. Bb2 O-O 7. Rc1 dxc4 8. bxc4 c5 9. g3 b6 10. Bg2 Bb7 11. O-O Qc7 12. Qe2 Nc6 13. d3 Rfd8 14. Ne1 Na5 15. Bxb7 Qxb7 16. a4 Nc6 17. f4 Nb4 18. Rd1 Qc6 19. Nf3 Nd7 20. g4 Bf6 21. g5 Bxc3 22. Bxc3 Qxa4 23. h4 Nf8 24. Rd2 Qb3 25. Rc1 Qa4 26. h5 b5 27. h6 bxc4 28. dxc4 Rxd2 29. Qxd2 gxh6 30. Ne5 Ng6 31. Ng4 Qc6 32. Rd1 Kf8 33. Nxh6 a5 34. Qd7 1-0


[Site "https://www.chess.com"]

[Event "Titled Tuesday Blitz April 05 Late 2022"]
[White "Melikhov, Evgeny V."]
[Black "Ambartsumova, Karina"]
[WhiteFideId "4122046"]
[BlackFideId "4166299"]
[WhiteElo "2359"]
[BlackElo "2579"]
[Result "1/2-1/2"]
[Round "09"]
[TimeControl "180+1"]
[Date "2022.04.06"]
[WhiteClock "0:00:19"]
[BlackClock "0:00:05"]

1. d4 Nf6 2. c4 e6 3. Nc3 d5 4. cxd5 exd5 5. Bg5 Be7 6. e3 c6 7. Bd3 Nbd7 8. Qc2 h6 9. Bh4 Nh5 10. Bxe7 Qxe7 11. Nge2 Nb6 12. O-O-O Bd7 13. Kb1 O-O-O 14. Rc1 Kb8 15. Na4 Nxa4 16. Qxa4 Rhe8 17. Rc3 c5 18. Qa5 c4 19. Ra3 a6 20. Bxc4 dxc4 21. Qxh5 Qe4+ 22. Ka1 Qxg2 23. Ng3 Qxf2 24. Rc1 Rxe3 25. Rxe3 Qxe3 26. Qe5+ Qxe5 27. dxe5 Be6 28. Nh5 g6 29. Nf4 Rd4 30. Nxe6 fxe6 31. Kb1 Kc7 32. Rf1 Kc6 33. Rf6 Kd5 34. Rxg6 Rh4 35. Rg7 b5 36. Ra7 Rxh2 37. Rxa6 h5 38. Rb6 Kxe5 39. Rxb5+ Kd4 40. a4 e5 41. a5 Rg2 42. a6 Rg8 43. a7 Ra8 44. Rb7 h4 45. Rh7 e4 46. Kc2 h3 47. Rd7+ Ke3 48. Kc3 Rh8 49. Rd1 h2 50. Rh1 Ra8 51. Rxh2 Rxa7 52. Kxc4 Rc7+ 53. Kd5 Kd3 54. b4 e3 55. b5 Rc2 56. Rh3 Rb2 57. Kc6 Ke4 58. b6 e2 59. Rh1 Kd3 60. b7 Kd2 61. Kc7 e1=Q 62. Rxe1 Kxe1 63. b8=Q Rxb8 64. Kxb8 1/2-1/2


[Site "https://www.chess.com"]

[Event "Titled Tuesday Blitz April 05 Late 2022"]
[White "Mickiewicz, Piotr"]
[Black "Kosakowski, Jakub"]
[WhiteFideId "1114891"]
[BlackFideId "1185080"]
[WhiteElo "2266"]
[BlackElo "2454"]
[Result "0-1"]
[Round "09"]
[TimeControl "180+1"]
[Date "2022.04.05"]
[WhiteClock "0:00:05"]
[BlackClock "0:00:21"]

1. e4 c6 2. d4 d5 3. Nc3 dxe4 4. Nxe4 Nf6 5. Nxf6+ exf6 6. c3 Bd6 7. Bd3 O-O 8. Ne2 Re8 9. Qc2 h5 10. O-O h4 11. h3 Nd7 12. c4 Nf8 13. Be3 Bc7 14. c5 Be6 15. Nc3 Qd7 16. Rad1 Bxh3 17. Be4 Bg4 18. d5 Bxd1 19. Rxd1 Rxe4 20. Qxe4 Be5 21. dxc6 Qxc6 22. Nd5 Re8 23. f4 Bd6 24. Qf3 Rxe3 25. Qxe3 Bxc5 26. Ne7+ Kh7 27. Nxc6 Bxe3+ 28. Kf1 bxc6 29. Rd3 Bxf4 30. Rc3 Be5 31. Rxc6 Bxb2 32. a4 Bd4 33. Ke2 Ne6 34. Kf3 Kg6 35. a5 Bg1 36. Rd6 Kh5 37. Rd7 g6 38. Rxf7 Ng5+ 0-1


[Site "https://www.chess.com"]